 Dungeon Crawl Stone Soup version 0.31-a0-879-g1609e0ac53 (webtiles) character file.

Game seed: 12716628168401770747

4 archon2 the Chiller (level 1, 0/10 HPs)
             Began as a Deep Elf Ice Elementalist on Oct 14, 2023.
             Frozen to death by an endoplasm (5 damage)
             ... on level 1 of the Dungeon.
             The game lasted 00:00:48 (144 turns).

archon2 the Chiller (Deep Elf Ice Elementalist)      Turns: 144, Time: 00:00:48

Health: 0/10       AC:  2    Str:  5    XL:     1   Next: 50%
Magic:  5/6        EV: 12    Int: 19    God:
Gold:   20         SH:  0    Dex: 15    Spells: 5/6 levels left

rFire   . . .        a - +0 whip
rCold   . . .        (no shield)
rNeg    . . .        c - +0 robe
rPois   .            (no helmet)
rElec   .            (no cloak)
rCorr   .            (no gloves)
SInv    .            (no boots)
Will    .....        (no amulet)
Stlth   ++           (no ring)
HPRegen 0.21/turn    (no ring)
MPRegen 0.10/turn

%: no passive effects
@: no status effects
A: no striking features
a: no special abilities


You were on level 1 of the Dungeon.
You visited 1 branch of the dungeon, and saw 1 of its levels.

You collected 20 gold pieces.

Inventory:

Hand Weapons
 a - a +0 whip (weapon)
Armour
 c - a +0 robe (worn)
Scrolls
 d - a scroll of revelation {unknown}
 e - a scroll of identify {unknown}
 f - a scroll of teleportation {unknown}
Potions
 b - a potion of magic
 g - a potion of curing {unknown}


   Skills:
 + Level 2.5 Dodging
 - Level 2.4 Stealth
 + Level 3.1 Spellcasting
 * Level 4.5 Ice Magic


You had 5 spell levels left.
You knew the following spells:

 Your Spells              Type           Power      Damage    Failure   Level
a - Freeze                Ice            80%        1d9       2%          1

Your spell library contained the following spells:

 Spells                   Type           Power      Damage    Failure   Level
 Frozen Ramparts          Ice            40%        1d7       7%          3
 Ozocubu's Armour         Ice            20%        N/A       7%          3
 Summon Ice Beast         Ice/Summ       11%        N/A       52%         4


Dungeon Overview and Level Annotations

Branches:
Dungeon (1/15)

Altars:


Message History

You see here a bat corpse.
You now have 13 gold pieces.
e - a scroll labelled WUCOCH INGI
f - a scroll labelled ZEICKAABUH
Found a leather armour.
g - a sapphire potion You see here a +0 leather armour.
A bat comes into view.
A bat is nearby!
Found 7 gold pieces.
You hit the bat but do no damage. The bat barely misses you.
The bat hits you but does no damage.
Casting: Freeze (safe; 2% risk of failure)
Confirm with . or Enter, or press ? or * to list all spells.
Aiming: Freeze (safe; 2% risk of failure)
Press: ? - help, Shift-Dir - straight line, f - bat
Aim: a bat You freeze the bat.
You kill the bat!
You see here a bat corpse.
You now have 20 gold pieces (gained 7).
Found a stone staircase leading down.
An endoplasm comes into view.
The endoplasm quivers.
The endoplasm moves out of view.
Found a hand axe.
The endoplasm freezes you.
You are frozen.
Ouch! That really hurt!
Casting: Freeze (safe; 2% risk of failure)
Confirm with . or Enter, or press ? or * to list all spells.
Aiming: Freeze (safe; 2% risk of failure)
Press: ? - help, Shift-Dir - straight line, f - endoplasm
Aim: an endoplasm You freeze the endoplasm.
The endoplasm is moderately wounded.
The endoplasm freezes you.
You are frozen.
Ouch! That really hurt!
You die...

..... ..# ...## #......#
..# #...#.##......# ..#
......#......# ..#
.........)...# ..#
......#......### #......
...............#
####.....................
.## ..........J@....>...
..###..........#.........
#..............#........#
....#..........#......#.#
.##.#.................# .
.##..####...##....#####
.............#...^####..
.####.#.##.#............
.# #...##.......#####..


You could see an endoplasm.

Vanquished Creatures
  2 bats (D:1)
  A hobgoblin (D:1)
3 creatures vanquished.

Notes
Turn   | Place    | Note
-------+----------+-------------------------------------------
     0 | D:1      | archon2 the Deep Elf Ice Elementalist began the quest for
                  | the Orb.
     0 | D:1      | Reached XP level 1. HP: 10/10 MP: 6/6
   144 | D:1      | Frozen to death by an endoplasm

Illustrated notes

Levels and vault maps discovered:
D:1:      minmay_arrival_jagged, layout_rooms

Action                     || total
---------------------------++-------
  Melee: Whip              ||     1
   Cast: Freeze            ||     4
 Armour: Robe              ||     2
  Dodge: Dodged            ||     1

Table legend: (Time is in decaauts)
 A = Elapsed time spent in this place.
 B = Non-inter-level travel time spent in this place.
 C = Inter-level travel time spent in this place.
 D = Time resting spent in this place.
 E = Time spent auto-exploring this place.
 F = Levels seen in this place.
 G = Mean time per level.
                   A        B        C        D        E       F      G
               +--------+--------+--------+--------+--------+-----+--------+
         Total |    143 |    143 |      0 |      9 |    102 |   1 |  143.0 |
       Dungeon |    143 |    143 |      0 |      9 |    102 |   1 |  143.0 |
               +--------+--------+--------+--------+--------+-----+--------+

Top non-repeatable levels by time:
     D:1: 143 daAuts
